 Dungeon Crawl Stone Soup version 0.30.1-9-gdf580d7c3d (webtiles) character file.

Game seed: 13975629690754772577

140 lonewolfV2 the Shield-Bearer (level 5, -3/43 HPs)
             Began as a Formicid Fighter on Sept 27, 2023.
             Slain by croobank's ghost (4 damage)
             ... on level 4 of the Dungeon.
             The game lasted 00:03:41 (2391 turns).

lonewolfV2 the Shield-Bearer (Formicid Fighter)     Turns: 2391, Time: 00:03:42

Health: -3/43      AC:  7    Str: 20    XL:     5   Next: 47%
Magic:  5/5        EV:  2    Int:  8    God:
Gold:   180        SH:  0    Dex: 15    Spells: 4/4 levels left

rFire   . . .        k - +6 hand axe (venom)
rCold   . . .        c - +0 buckler
rNeg    . . .        b - +0 scale mail
rPois   .            (helmet unavailable)
rElec   .            (no cloak)
rCorr   .            (no gloves)
SInv    +            (no boots)
Will    .....        (no amulet) Stlth
                     (no ring)
HPRegen 0.27/turn    (no ring)
MPRegen 0.09/turn

%: no passive effects
@: mighty, sleeping
A: permanent stasis, dig shafts and tunnels, antennae 3, four strong arms
a: Dig, Shaft Self


You were on level 4 of the Dungeon.
You visited 1 branch of the dungeon, and saw 4 of its levels.

You collected 180 gold pieces.

Inventory:

Hand Weapons
 a - a +0 war axe
 k - a +6 hand axe of venom (weapon)
Armour
 b - a +0 scale mail (worn)
 c - a +0 buckler (worn)
Jewellery
 l - a ring of positive energy
Scrolls
 f - 3 scrolls of teleportation
 m - a scroll of amnesia
Potions
 g - a potion of attraction
 h - a potion of brilliance {unknown}
 i - a potion of invisibility {unknown}
 j - 2 potions of berserk rage
 n - a potion of mutation {unknown}
 p - a potion of resistance {unknown}


   Skills:
 + Level 4.3 Fighting
 + Level 3.1 Axes
 + Level 4.1 Armour
 + Level 0.3 Dodging
 + Level 0.1 Stealth
 + Level 4.9 Shields


You had 4 spell levels left.
You didn't know any spells.
Your spell library contained the following spells:

 Spells                   Type           Power      Damage    Failure   Level
 Apportation              Tloc           0%         N/A       83%         1
 Kiss of Death            Conj/Necr      0%         2d5       83%         1
 Necrotise                Necr           0%         1d4       83%         1
 Summon Small Mammal      Summ           0%         N/A       83%         1
 Call Canine Familiar     Summ           0%         N/A       99%         3
 Confusing Touch          Hex            0%         N/A       99%         3
 Portal Projectile        Hex/Tloc       0%         N/A       99%         3
 Anguish                  Hex/Necr       0%         N/A       100%        4
 Cause Fear               Hex            0%         N/A       100%        4
 Dispel Undead            Necr           0%         3d6       100%        4
 Leda's Liquefaction      Hex/Erth       0%         N/A       100%        4
 Enfeeble                 Hex            0%         N/A       100%        7
 Chain Lightning          Conj/Air       0%         N/A       100%        9
 Fire Storm               Conj/Fire      0%         5d1       100%        9
 Shatter                  Erth           0%         3d5*      100%        9


Dungeon Overview and Level Annotations

Branches:
Dungeon (4/15)
 Temple: D:4-7

Altars:
Yredelemnul

Annotations:
D:4 croobank's ghost, novice GnDe


Innate Abilities, Weirdness & Mutations

You cannot be hasted, slowed, berserked, paralysed or teleported.
You can dig through walls and to a lower floor.
You have a pair of large antennae on your head. (SInv)
Your four strong arms can wield two-handed weapons with a shield.


Message History

You have reached level 5!
You open the gate. You miss croobank's ghost.
Croobank's ghost gestures at you while chanting.
You fall asleep.
Croobank's ghost hits you but does no damage.
Croobank's ghost hits you!!
You wake up.
Ouch! That really hurt!
You hit croobank's ghost.
Croobank's ghost is lightly damaged.
Croobank's ghost barely misses you. Croobank's ghost hits you.
Unknown command.
You feel better. Croobank's ghost hits you.
You feel very mighty all of a sudden.
Croobank's ghost hits you but does no damage.
You hit croobank's ghost.
Croobank's ghost is lightly damaged.
Croobank's ghost points at you and mumbles some strange words.
You fall asleep.
Croobank's ghost hits you!
You wake up.
You hit croobank's ghost.
Croobank's ghost is lightly damaged.
Croobank's ghost hits you.
* * * LOW HITPOINT WARNING * * *
You closely miss croobank's ghost.
Croobank's ghost is lightly damaged.
Croobank's ghost hits you.
* * * LOW HITPOINT WARNING * * *
Unknown command.
You hit croobank's ghost.
Croobank's ghost is lightly damaged.
Croobank's ghost whispers something so quietly that you cannot hear it.
Croobank's ghost hits you.
* * * LOW HITPOINT WARNING * * *
As you read the scroll of fog, it crumbles to dust.
The scroll dissolves into smoke.
Croobank's ghost casts a spell at you.
You fall asleep.
Croobank's ghost hits you.
You die...

#.####.
#.####......
+##...........
####.############.
###=...# ####.....
##.#.####
#....####
#.§§§§§[# #.####
#.§§§§§$# #.#
#..§@W§$# #.#
##§#§#### #.# #
#....# #.#
####.#####.#
#'##....#
#....#### ######


You could see croobank's ghost.

Vanquished Creatures
  A water moccasin zombie (D:4)
  An adder zombie (D:4)
  3 worms
  6 dart slugs
  An orc (D:3)
  4 endoplasms
  6 hobgoblins
  4 jackals (D:3)
  3 quokkas
  7 ball pythons
  A bat (D:2)
  2 frilled lizards
  11 goblins
  5 kobolds
  4 rats
59 creatures vanquished.

Notes
Turn   | Place    | Note
-------+----------+-------------------------------------------
     0 | D:1      | lonewolfV2 the Formicid Fighter began the quest for the
                  | Orb.
     0 | D:1      | Reached XP level 1. HP: 18/18 MP: 1/1
   137 | D:1      | Reached XP level 2. HP: 21/24 MP: 2/2
   158 | D:1      | Found a faded altar of an unknown god.
   733 | D:1      | Reached XP level 3. HP: 30/30 MP: 3/3
  1623 | D:3      | Reached XP level 4. HP: 37/37 MP: 4/4
  2356 | D:4      | Found a runed translucent gate.
  2356 | D:4      | Found a runed translucent gate.
  2356 | D:4      | Found a runed translucent gate.
  2356 | D:4      | Noticed croobank's ghost (novice GnDe)
  2359 | D:4      | Found a basalt altar of Yredelemnul.
  2378 | D:4      | Reached XP level 5. HP: 38/43 MP: 5/5
  2389 | D:4      | HP: 1/43 [croobank's ghost (4)]
  2391 | D:4      | Slain by croobank's ghost

Illustrated notes

Levels and vault maps discovered:
D:1:      minmay_arrival_jagged, layout_loops_ring,
          hellmonk_ecumenical_altar_zigzags, nicolae_hexahallways
D:2:      layout_basic
D:3:      layout_loops_cross
D:4:      kennysheep_the_goblin_king, layout_basic,
          nicolae_yredelemnul_ghost_church,
          nicolae_overflow_hallway_of_the_gods, mainiacjoe_overflow_paths,
          portal_sewer_entry_c, chequers_serial_rivers_micro_a,
          ebering_dispersal_statue_hall, wad_woods_river_04,
          amcnicky_mini_corridor_feature, uniq_eustachio

Skill      XL: |  1  2  3  4 |
---------------+-------------+-----
Fighting       | 4 |  4.3
Armour         | 4 |  4.1
Axes           | 3 |  3.1
Dodging        | |  0.3
Stealth        | |  0.1
Shields        | |  4.9

Action                     |  1- 3 |  4- 6 || total
---------------------------+-------+-------++-------
  Melee: War axe           |    33 |       ||    33
         Hand axe          |    37 |    57 ||    94
    Use: Scroll            |     8 |     1 ||     9
         Potion            |       |     2 ||     2
 Armour: Scale mail        |    35 |    21 ||    56
  Dodge: Dodged            |    32 |    18 ||    50
  Block: Buckler           |    12 |    16 ||    28
